 Dungeon Crawl Stone Soup version 0.21.1-1-g345015f (webtiles) character file.

114 diana the Slasher (level 4, -5/34 HPs)
             Began as a Demonspawn Gladiator on June 11, 2018.
             Killed from afar by an orc wizard (7 damage)
             ... with a magic dart
             ... on level 2 of the Dungeon.
             The game lasted 00:02:19 (1902 turns).

diana the Slasher (Demonspawn Gladiator)            Turns: 1902, Time: 00:02:20

Health: -5/34      AC:  7    Str: 19 (20) XL:     4   Next: 67%
Magic:  4/4        EV: 12    Int:  8 (9)  God:
Gold:   137        SH:  0    Dex: 14 (15) Spells: 3/3 levels left

rFire    . . .     SeeInvis .   a - +0 long sword
rCold    . . .     Gourm    .   (no shield)
rNeg     . . .     Faith    .   k - +1 ring mail {rPois}
rPois    +         Spirit   .   c - +0 helmet
rElec    .         Reflect  .   (no cloak)
rCorr    .         Harm     .   (no gloves)
MR       .....                  (no boots)
Stlth    +.........             (no amulet)
HPRegen  0.11/turn              (no ring)
MPRegen  0.09/turn              (no ring)

@: mighty, slowed, very slow
A: claws 1, powered by death 1
a: no special abilities


You were on level 2 of the Dungeon.
You were very hungry.

You visited 1 branch of the dungeon, and saw 2 of its levels.

You collected 137 gold pieces.

Inventory:

Hand Weapons
 a - a +0 long sword (weapon)
Missiles
 d - 4 throwing nets (quivered)
Armour
 b - a +0 leather armour
 c - a +0 helmet (worn)
 k - a +1 ring mail of poison resistance (worn)
Jewellery
 q - an uncursed amulet of magic regeneration {unknown}
Scrolls
 e - a scroll of immolation {unknown}
 g - 3 scrolls of teleportation
 h - a scroll of magic mapping {unknown}
 j - 2 scrolls of remove curse {unknown}
 l - a scroll of fog {unknown}
 m - a scroll of fear {unknown}
 o - a scroll of identify {unknown}
 p - a scroll of blinking {unknown}
Comestibles
 f - 2 rations


   Skills:
 + Level 2.6 Fighting
 * Level 3.8 Long Blades
 - Level 2.0 Throwing
 + Level 1.3 Armour
 + Level 3.2 Dodging


You had 3 spell levels left.
You didn't know any spells.

Dungeon Overview and Level Annotations

Branches:
Dungeon (2/15)

Altars:
Elyvilon


Innate Abilities, Weirdness & Mutations

You have sharp fingernails.
You regenerate a little health from kills.


Message History

You feel your intelligence returning.
The orc wizard gestures at you while chanting.
The puff of flame misses you.
The puff of flame hits the orc wizard.
The orc wizard gestures wildly while chanting.
The orc wizard blinks!
The orc hits you but does no damage. The orc hits you with a short sword.
* * * LOW HITPOINT WARNING * * *
The orc wizard gestures wildly while chanting.
The orc wizard blinks!
The orc wizard casts a spell at you. The magic dart hits you!
* * * LOW HITPOINT WARNING * * *
Your surroundings suddenly seem different.
The orc wizard gestures at you while chanting.
You feel yourself slow down.
Unknown command.
The orc wizard points at you and mumbles some strange words.
The magic dart hits you!
You die...

.# #.......#.# #.........# (#
#.....o.#.# ######..#.## .#### #
#....o.o#.# #......
....####.#...o...#.# #...###
..(...##......o....########...##.
.##.#.#####...|.###...........#..
.##.รท..........##
##.#........#..
............###.###.##.######....
...##.#.#### ##@#.###.# #.#..
.#.# .# # #######.####.# ##.#..
.#.# .# #............# #..##.
)#.##.# #.############ #..###
......# #.################.....
.#.#### #....................##
##.# #..#################.# #.#
#..# #.## ....# #...


You could see an orc wizard.

Vanquished Creatures
  An orc priest (D:2)
  An iguana (D:2)
  An adder (D:2)
  2 dart slugs (D:1)
  2 leopard geckos (D:2)
  5 bats
  2 giant cockroaches (D:2)
  5 hobgoblins (D:1)
  4 jackals (D:1)
  5 frilled lizards
  6 goblins
  7 kobolds
  3 rats
44 creatures vanquished.

Notes
Turn   | Place    | Note
-------+----------+-------------------------------------------
     0 | D:1      | diana the Demonspawn Gladiator began the quest for the Orb.
     0 | D:1      | Reached XP level 1. HP: 16/16 MP: 1/1
   104 | D:1      | Gained mutation: You have sharp fingernails. [demonic ancestry]
   104 | D:1      | Reached XP level 2. HP: 17/22 MP: 2/2
   633 | D:1      | Reached XP level 3. HP: 26/27 MP: 3/3
  1387 | D:2      | Reached skill level 1 in Armour
  1392 | D:2      | Gained mutation: You regenerate a little health from kills. [demonic ancestry]
  1392 | D:2      | Reached XP level 4. HP: 5/34 MP: 4/4
  1809 | D:2      | Found a white marble altar of Elyvilon.
  1902 | D:2      | Killed from afar by an orc wizard

Skill      XL: |  1  2  3 |
---------------+----------+-----
Long Blades    | 3 |  3.8
Throwing       | 2 |  2.0
Dodging        | 3 |  3.2
Armour         | 1 |  1.3
Fighting       | |  2.6

Action                   |  1- 3 |  4- 6 || total
-------------------------+-------+-------++-------
Melee: Long sword        |   111 |    23 ||   134
  Use: Potion            |       |     2 ||     2
       Scroll            |       |     1 ||     1
  Eat: Chunk             |     1 |     1 ||     2
Armor: Leather armour    |    19 |       ||    19
       Ring mail         |    33 |    12 ||    45
Dodge: Dodged            |    97 |    28 ||   125
       Rpst.: Long sword |    33 |     8 ||    41
